 Dungeon Crawl Stone Soup version 0.30.0-17-ge0270778cf (webtiles) character file.

Game seed: 5211633882372932144

63 NateTC the Covered (level 4, -2/29 HPs)
             Began as a Gargoyle Fighter on May 21, 2023.
             Slain by a goblin
             ... wielding a +0 club
             ... led by Robin
              (6 damage)
             ... on level 2 of the Dungeon.
             The game lasted 00:01:49 (1217 turns).

NateTC the Covered (Gargoyle Fighter)               Turns: 1217, Time: 00:01:50

Health: -2/29      AC: 10    Str: 22    XL:     4   Next: 9%
Magic:  4/4        EV:  9    Int:  8    God:
Gold:   162        SH:  4    Dex:  9    Spells: 3/3 levels left

rFire   + . .        a - +0 flail
rCold   . . .        c - +0 buckler
rNeg    + . .        b - +0 scale mail
rPois   ∞            (no helmet)
rElec   +            (no cloak)
rCorr   .            (no gloves)
SInv    .            (no boots)
Will    .....        (no amulet) Stlth
                     i - ring of protection from fire
HPRegen 0.24/turn    (no ring)
MPRegen 0.09/turn

%: no passive effects
@: mighty
A: sickness immunity, AC +3, negative energy resistance 1, electricity
resistance, torment resistance 1, petrification resistance
a: no special abilities


You were on level 2 of the Dungeon.
You visited 1 branch of the dungeon, and saw 2 of its levels.

You collected 162 gold pieces.

Inventory:

Hand Weapons
 a - a +0 flail (weapon)
Armour
 b - a +0 scale mail (worn)
 c - a +0 buckler (worn)
Jewellery
 i - a ring of protection from fire (left hand)
Potions
 d - a potion of might
 e - a potion of mutation {unknown}
 f - 2 potions of invisibility {unknown}
 g - a potion of degeneration {unknown}
 h - a potion of curing {unknown}


   Skills:
 * Level 4.0 Fighting
 - Level 2.0 Maces & Flails
 * Level 4.1 Armour
 * Level 4.0 Shields


You had 3 spell levels left.
You didn't know any spells.
Your spell library was empty.

Dungeon Overview and Level Annotations

Branches:
Dungeon (2/15) Zot: 10724

Altars:

Shops:
D:1 [

Annotations:
D:2 Robin


Innate Abilities, Weirdness & Mutations

You are immune to sickness and miasma.
Your stone body is resilient. (AC +3)
You are immune to poison.
You resist negative energy. (rN+)
You are resistant to electric shocks. (rElec)
You are resistant to unholy torment.
You are immune to petrification.


Message History

The goblin closely misses you.
The goblin hits you with a +1 dagger of venom.
The goblin hits you with a +0 club. The goblin hits you with a +0 dagger.
You are too injured to fight recklessly!
You are too injured to fight recklessly!
You are too injured to fight recklessly!
You are too injured to fight recklessly!
You are too injured to fight recklessly!
You are too injured to fight recklessly!
You are too injured to fight recklessly!
You are too injured to fight recklessly!
You are too injured to fight recklessly!
You are too injured to fight recklessly!
You are too injured to fight recklessly!
You are too injured to fight recklessly!
You are too injured to fight recklessly!
You are too injured to fight recklessly!
You are too injured to fight recklessly!
You are too injured to fight recklessly!
You are too injured to fight recklessly!
You are too injured to fight recklessly!
You are too injured to fight recklessly!
You are too injured to fight recklessly!
You aren't carrying any scrolls.
You feel very mighty all of a sudden. The goblin hits you with a +0 club.
The goblin barely misses you. The goblin hits you but does no damage.
You block the goblin's attack. The goblin completely misses you.
You thump the goblin!
You kill the goblin!
You block the goblin's attack. The goblin hits you but does no damage.
You block the goblin's attack. The goblin hits you with a +0 dagger.
* * * LOW HITPOINT WARNING * * *
The goblin barely misses you. The goblin hits you with a +0 dagger.
* * * LOW HITPOINT WARNING * * *
You block the goblin's attack.
Robin hits you with a +1 falchion of holy wrath.
* * * LOW HITPOINT WARNING * * *
The goblin hits you with a +0 club.
You die...

#.######....###...........# #.#
#.#### ###.........# #.# ###.##
#####.........# #.# #....#
#...##..####### #.####....#
#.......# #.#.......# #.......#
#.#.##.#'## #....g..#############
#.#....#.####..g#g.........#.....
#.#.#..#......gg@gg.#..g...#.....
..#............g##g..#gg...#.....
.†..............##.........#.....
................####.#.....+.....
........#####...# .# # ###.....
........# ...... # #####...).
........+ ........ ........†.
........# ......... ..........
........# ..........


You could see Robin, 3 hobgoblins and 5 goblins.

Vanquished Creatures
  2 adders (D:2)
  2 worms (D:2)
  5 ball pythons
  2 endoplasms
  2 giant cockroaches
  3 goblins (D:2)
  4 hobgoblins
  3 kobolds
  A quokka (D:2)
  5 bats
  4 frilled lizards
  7 rats
40 creatures vanquished.

Notes
Turn   | Place    | Note
-------+----------+-------------------------------------------
     0 | D:1      | NateTC the Gargoyle Fighter began the quest for the Orb.
     0 | D:1      | Reached XP level 1. HP: 14/14 MP: 1/1
   254 | D:1      | Reached XP level 2. HP: 12/19 MP: 2/2
   635 | D:1      | Found Umehaene's Armour Emporium.
   899 | D:2      | Reached XP level 3. HP: 13/24 MP: 3/3
  1131 | D:2      | Reached XP level 4. HP: 29/29 MP: 4/4
  1199 | D:2      | Noticed Robin
  1217 | D:2      | Slain by a goblin

Illustrated notes

Levels and vault maps discovered:
D:1:      eino_arrival_cavern_b, layout_loops_ring, serial_shops,
          nicolae_shop_back_alley_shop
D:2:      layout_basic, uniq_robin, uniq_terence

Skill      XL: |  1  2  3 |
---------------+----------+-----
Armour         | 4 |  4.1
Shields        | 4 |  4.0
Fighting       | 4 |  4.0
Maces & Flails | |  2.0

Action                     |  1- 3 |  4- 6 || total
---------------------------+-------+-------++-------
  Melee: Flail             |   136 |    39 ||   175
    Use: Scroll            |     1 |       ||     1
         Potion            |       |     1 ||     1
 Armour: Scale mail        |    89 |    34 ||   123
  Dodge: Dodged            |    80 |    34 ||   114
  Block: Buckler           |    29 |    16 ||    45
